AoeStats
← willrhyd

Black Forest

508924044Analyzed
4v4 RM · 7d ago on Sep 24, 2026· 67m 38s· 8 players
Game mode
Random Map
Map size
Large (8 player)
Population
200
Speed
Normal
Resources
Standard
Victory
Conquest
Starting age
Dark Age
Ending age
Imperial Age
RankedLock teamsTeams togetherTeam positionsShared explorationLock speedFull tech treeHidden civsTurbo modeCheats
Victory
Defeat
1408
+14
🇨🇭 Romans · Switzerland
1406
+14
🇬🇧 Tatars · United Kingdom
1399
+15
🇬🇧 Slavs · United Kingdom
1332
+17
🇩🇪 Burmese · Germany
1436
-17
🇩🇪 Malians · Germany
1431
-18
🇩🇪 Aztecs · Germany
1325
-13
🇩🇪 Mongols · Germany
1289
-12
Kampfkekssss
7:37 Loom
9:55 Feudal Age
10:44 Double-Bit Axe
12:46 Town Watch
21:44 Castle Age
20:42 Fishing Lines
25:57 Imperial Age
25:26 Bow Saw
25:39 Sanctity
26:54 Block Printing
28:20 Illumination
29:08 Redemption
29:14 Fletching
29:21 Gillnets
30:10 Fortified Wall
31:28 Bodkin Arrow
32:14 Wheelbarrow
32:00 Siege Engineers
32:40 Horse Collar
33:36 Onager
34:39 Pikeman
35:19 Squires
35:05 Arson
55:14 Caravan
60:15 Scale Mail Armor
60:25 Forging
61:55 Chain Mail Armor
65:17 Plate Mail Armor
65:23 Iron Casting
Wanda Lismus
11:24 Feudal Age
15:23 Castle Age
14:45 Double-Bit Axe
15:55 Horse Collar
16:28 Bow Saw
20:25 Forging
20:20 Scale Barding Armor
27:11 Stone Mining
27:14 Gold Mining
28:21 Wheelbarrow
28:07 Fletching
28:18 Padded Archer Armor
29:15 Bodkin Arrow
30:05 Hand Cart
31:02 Leather Archer Armor
33:26 Imperial Age
31:59 Scale Mail Armor
32:34 Iron Casting
33:00 Ballistics
33:15 Chain Mail Armor
32:27 Pikeman
33:08 Squires
34:38 Bloodlines
34:28 Husbandry
34:51 Bracer
35:17 Conscription
36:01 Drill
37:14 Blast Furnace
36:39 Onager
38:35 Elite Mangudai
42:11 Siege Onager
44:08 Chemistry
43:15 Siege Engineers
43:20 Fortified Wall
44:19 Gold Shaft Mining
44:17 Plate Mail Armor
52:06 Caravan
62:02 Thumb Ring
62:23 Parthian Tactics
Fleischwolf
11:40 Feudal Age
15:51 Castle Age
13:58 Fishing Lines
16:08 Gold Mining
18:09 Gillnets
21:38 Loom
27:44 Imperial Age
25:14 Loom
26:54 Wheelbarrow
26:06 Town Watch
26:59 Devotion
27:20 Scale Barding Armor
26:59 Treadmill Crane
28:00 Elite Battle Elephant
29:07 Bloodlines
29:47 Husbandry
30:27 Chain Barding Armor
31:03 Hand Cart
32:31 Plate Barding Armor
32:26 Conscription
32:55 Forging
34:15 Coinage
34:39 Howdah
35:56 Iron Casting
36:51 Fortified Wall
38:37 Blast Furnace
40:10 Banking
43:01 Light Cavalry
43:42 Hussar
46:04 Caravan
52:09 Fletching
52:41 Ballistics
52:35 Masonry
53:03 Clinker Construction
57:03 Manipur Cavalry
58:39 Chemistry
57:46 Siege Engineers
57:48 Stone Mining
57:58 Bodkin Arrow
60:08 Bracer
63:29 Man-at-Arms
63:54 Gambesons
64:12 Long Swordsman
64:52 Squires
64:39 Arson
65:16 Scale Mail Armor
65:49 Architecture
64:51 Two-Handed Swordsman
65:29 Champion
67:16 Chain Mail Armor
Moard
1:00 Loom
9:43 Feudal Age
9:48 Man-at-Arms
15:11 Double-Bit Axe
22:32 Castle Age
20:32 Stone Mining
23:44 Wheelbarrow
23:27 Bow Saw
23:42 Scale Mail Armor
23:34 Gold Mining
28:04 Imperial Age
26:32 Gold Shaft Mining
27:05 Chain Mail Armor
27:24 Fishing Lines
27:29 Horse Collar
28:57 Hand Cart
28:56 Long Swordsman
30:58 Plate Mail Armor
30:06 Two-Handed Swordsman
31:41 Conscription
31:24 Squires
31:10 Arson
33:01 Forging
32:32 Champion
40:06 Iron Casting
48:28 Chemistry
48:03 Pikeman
54:51 Caravan
58:02 Masonry
64:27 Capped Ram
docsparkles
10:20 Loom
12:33 Feudal Age
16:43 Castle Age
14:55 Double-Bit Axe
15:37 Fishing Lines
17:32 Scale Mail Armor
17:42 Forging
17:45 Horse Collar
18:26 Gillnets
19:12 Bow Saw
21:40 Wheelbarrow
23:04 Heavy Plow
26:14 Hand Cart
32:06 Imperial Age
30:22 Chain Mail Armor
30:42 Town Watch
31:36 Iron Casting
30:49 Pikeman
31:37 Fletching
31:54 Squires
32:46 Bodkin Arrow
32:21 Halberdier
33:33 Plate Mail Armor
34:03 Blast Furnace
34:00 Conscription
35:26 Conscription
36:27 Chemistry
35:48 Ballistics
35:38 Masonry
38:03 Druzhina
38:20 Man-at-Arms
39:08 Long Swordsman
39:55 Two-Handed Swordsman
41:04 Champion
43:43 Heavy Scorpion
47:07 Capped Ram
54:29 Siege Ram
57:50 Detinets
62:11 Hoardings
64:29 Bloodlines
64:19 Husbandry
63:40 Light Cavalry
64:26 Scale Barding Armor
[H A R D] postrusher
7:26 Loom
11:41 Feudal Age
15:48 Castle Age
14:22 Double-Bit Axe
17:13 Bow Saw
17:27 Horse Collar
21:09 Wheelbarrow
23:40 Hand Cart
23:12 Fishing Lines
27:50 Imperial Age
25:51 Fletching
25:58 Gold Mining
28:55 Masonry
28:11 Capped Ram
29:40 Conscription
29:05 Siege Ram
31:48 Ballistics
32:29 Chemistry
32:01 Architecture
31:59 Ballistas
32:37 Gold Shaft Mining
31:53 Stone Mining
32:20 Bodkin Arrow
32:25 Padded Archer Armor
32:26 Scale Mail Armor
32:31 Scale Barding Armor
32:37 Forging
33:20 Devotion
33:56 Town Watch
34:44 Comitatenses
34:01 Heavy Scorpion
34:02 Onager
39:32 Faith
39:13 Herbal Medicine
39:52 Coinage
39:32 Guilds
42:18 Siege Engineers
43:42 Banking
43:18 Caravan
44:23 Town Patrol
45:09 Chain Mail Armor
45:30 Iron Casting
45:54 Squires
45:15 Pikeman
45:16 Man-at-Arms
46:24 Halberdier
48:47 Long Swordsman
51:00 Blast Furnace
50:21 Chain Barding Armor
50:16 Leather Archer Armor
49:47 Legionary
willrhyd
0:55 Loom
11:28 Feudal Age
15:53 Castle Age
14:19 Double-Bit Axe
16:46 Bow Saw
16:18 Horse Collar
16:28 Town Watch
19:59 Fletching
21:14 Wheelbarrow
24:44 Hand Cart
26:11 Gold Mining
26:54 Scale Barding Armor
32:18 Imperial Age
30:47 Forging
31:45 Devotion
32:06 Chain Barding Armor
32:41 Gold Shaft Mining
32:33 Heavy Plow
32:57 Bloodlines
32:48 Husbandry
34:12 Chemistry
34:35 Plate Barding Armor
34:36 Iron Casting
35:46 Elite Keshik
37:05 Timurid Siegecraft
37:15 Conscription
37:41 Light Cavalry
38:29 Silk Armor
38:32 Hussar
40:34 Caravan
42:15 Blast Furnace
44:21 Coinage
44:00 Heavy Camel Rider
45:36 Siege Engineers
45:41 Masonry
48:27 Banking
66:06 Man-at-Arms
Yucatan_water_supremacy
0:29 Loom
11:02 Feudal Age
12:12 Town Watch
23:16 Castle Age
21:43 Double-Bit Axe
25:01 Bow Saw
29:22 Ballistics
30:20 Fortified Wall
34:20 Wheelbarrow
34:00 Stone Mining
37:39 Fletching
42:48 Imperial Age
47:47 Horse Collar
57:12 Hand Cart
57:40 Caravan
59:04 Chemistry
60:23 Bombard Tower
61:54 Padded Archer Armor
62:18 Heavy Plow
62:51 Leather Archer Armor
64:48 Bodkin Arrow
65:40 Bracer
65:54 Masonry
65:40 Murder Holes
Connection lost

Rejoining the realm…

Still unreachable

The connection could not be restored.

Session expired

The server has moved on; the page needs a fresh start.